 Dungeon Crawl Stone Soup version 0.31.0-9-g3a7656b989 (webtiles) character file.

Game seed: 17540387462113254286

86 Colgate the Covered (level 4, -3/41 HPs)
             Began as a Minotaur Fighter on Jan 24, 2024.
             Slain by a gnoll
             ... wielding a +0 whip
              (4 damage)
             ... on level 2 of the Dungeon.
             The game lasted 00:01:04 (1629 turns).

Colgate the Covered (Minotaur Fighter)              Turns: 1629, Time: 00:01:04

Health: -3/41      AC:  7    Str: 23    XL:     4   Next: 27%
Magic:  3/3        EV:  9    Int:  5    God:
Gold:   127        SH:  5    Dex: 15    Spells: 3/3 levels left

rFire   . . .        a - +0 war axe
rCold   . . .        c - +0 buckler
rNeg    . . .        b - +0 scale mail
rPois   .            (helmet restricted)
rElec   .            (no cloak)
rCorr   .            (no gloves)
SInv    .            (no boots)
Will    .....        g - amulet of faith Stlth
                     f - +6 ring of dexterity
HPRegen 0.26/turn    (no ring)
MPRegen 0.08/turn

%: faith
@: no status effects
A: horns 2, retaliatory headbutt
a: no special abilities


You were on level 2 of the Dungeon.
You visited 1 branch of the dungeon, and saw 2 of its levels.

You collected 127 gold pieces.

Inventory:

Hand Weapons
 a - a +0 war axe (weapon)
Armour
 b - a +0 scale mail (worn)
 c - a +0 buckler (worn)
 n - a +0 pair of gloves
 r - a +0 pair of boots
Jewellery
 f - a +6 ring of dexterity (left hand)
 g - an amulet of faith (around neck)
Scrolls
 i - a scroll of enchant weapon {unknown}
 k - a scroll of fog {unknown}
 l - 3 scrolls of identify {unknown}
 o - a scroll of teleportation {unknown}
 p - a scroll of blinking {unknown}
 q - a scroll of brand weapon {unknown}
Potions
 d - a potion of might {@q3}
 e - 2 potions of ambrosia {unknown}
 h - a potion of heal wounds {unknown}
 j - a potion of magic {unknown}
 m - a potion of invisibility {unknown}


   Skills:
 + Level 4.3 Fighting
 + Level 3.4 Axes
 + Level 4.4 Armour
 + Level 4.4 Shields


You had 3 spell levels left.
You didn't know any spells.
Your spell library contained the following spells:

 Spells                   Type           Power      Damage    Failure   Level
 Passage of Golubria      Tloc           0%         N/A       100%        4
 Silence                  Hex/Air        0%         N/A       100%        5
 Lehudib's Crystal Spear  Conj/Erth      0%         10d2      100%        8


Dungeon Overview and Level Annotations

Branches:
Dungeon (2/15)

Altars:

Shops:
D:2 (

Annotations:
D:2 Terence


Innate Abilities, Weirdness & Mutations

You have a pair of horns on your head.
You reflexively headbutt those who attack you in melee.


Message History

The gnoll barely misses you. The gnoll hits you but does no damage.
There are monsters nearby!
You closely miss the gnoll. You headbutt the gnoll. You slash the gnoll!
The gnoll hits you with a +0 whip.
The gnoll hits you from afar with a +0 halberd.
The gnoll barely misses you. x2
The gnoll hits you from afar with a +0 halberd.
There are monsters nearby!
You barely miss the gnoll. You headbutt the gnoll. You slash the gnoll!
The gnoll barely misses you. You block the gnoll's attack. x2
There are monsters nearby!
You closely miss the gnoll. You hit the gnoll.
You kill the gnoll!
You block the gnoll's attack. The gnoll hits you with a +0 whip.
You have reached level 4!
You feel stronger.
You barely miss the gnoll. You miss the adder. The adder barely misses you.
A bat comes into view.
The gnoll hits you from afar with a +0 halberd!
The gnoll hits you but does no damage. The adder completely misses you.
You block the gnoll's attack. x2
You closely miss the gnoll. You hit the adder. You block the adder's attack.
The gnoll closely misses you.
Terence the Incautious comes into view.
He is wielding a +0 hand axe.
The gnoll hits you with a +0 whip. The adder bites you but does no damage.
You hit the gnoll. You miss the adder. The adder closely misses you.
You furiously retaliate!
You headbutt the adder!
You kill the adder!
The gnoll closely misses you. The gnoll hits you but does no damage.
You slash the gnoll!
You kill the gnoll!
You closely miss the gnoll. The gnoll hits you with a +0 whip!
* * * LOW HITPOINT WARNING * * *
You block the gnoll's attack. The gnoll hits you with a +0 whip.
* * * LOW HITPOINT WARNING * * *
You block the gnoll's attack. The bat hits you but does no damage.
The gnoll hits you with a +0 halberd!
* * * LOW HITPOINT WARNING * * *
The gnoll hits you with a +0 whip.
You die...

...... $?....
#...... .......
......< ##@......
#gb....[.
#@g......
#########.#......
######......##.#
.....
###........[..##.#
####
....####......##.#
##### ######..#.#
##...# #..## #..#


You could see Terence, 2 gnolls and a bat.

Vanquished Creatures
  2 gnolls (D:2)
  2 adders (D:2)
  A dart slug (D:1)
  A ribbon worm (D:2)
  4 ball pythons (D:1)
  An endoplasm (D:1)
  A giant cockroach (D:1)
  6 hobgoblins
  7 kobolds
  A quokka (D:1)
  5 bats
  5 frilled lizards
  6 goblins
  7 rats
49 creatures vanquished.

Notes
Turn   | Place    | Note
-------+----------+-------------------------------------------
     0 | D:1      | Colgate the Minotaur Fighter began the quest for the Orb.
     0 | D:1      | Reached XP level 1. HP: 19/19 MP: 0/0
   170 | D:1      | Reached XP level 2. HP: 27/27 MP: 1/1
   576 | D:1      | Reached XP level 3. HP: 33/33 MP: 2/2
  1391 | D:2      | Found Buxihef's Antique Weapon Shoppe.
  1625 | D:2      | Reached XP level 4. HP: 24/40 MP: 3/3
  1626 | D:2      | Noticed Terence
  1629 | D:2      | HP: 1/41 [gnoll/+0 halberd (8)]
  1629 | D:2      | Slain by a gnoll

Illustrated notes

Levels and vault maps discovered:
D:1:      matt_arrival_grand_opening, layout_loops_corners, minmay_distorted
D:2:      layout_rooms, serial_shops, shop, uniq_terence

Skill      XL: |  1  2 |
---------------+-------+-----
Fighting       | 4 |  4.3
Armour         | 4 |  4.4
Shields        | 4 |  4.4
Axes           | 3 |  3.4

Action                     |  1- 3 |  4- 6 || total
---------------------------+-------+-------++-------
  Melee: War axe           |    90 |     4 ||    94
         Headbutt          |    14 |       ||    14
 Armour: Scale mail        |    52 |    10 ||    62
  Dodge: Dodged            |    46 |     5 ||    51
  Block: Buckler           |    22 |     5 ||    27
